 Dungeon Crawl Stone Soup version 0.32-a0-900-g30fb1b0edc (webtiles) character file.

Game seed: 791241316384254313

118 ImSober the Slasher (level 5, -5/38 HPs)
             Began as a Coglin Brigand on Apr 5, 2024.
             Slain by an iguana (11 damage)
             ... on level 3 of the Dungeon.
             The game lasted 00:02:53 (2317 turns).

ImSober the Slasher (Coglin Brigand)                Turns: 2317, Time: 00:02:53

Health: -5/38      AC:  7    Str: 11    XL:     5   Next: 2%
Magic:  5/5        EV:  9    Int: 10    God:
Gold:   100        SH:  0    Dex: 18    Spells: 4/4 levels left

rFire   . . .        g - +0 short sword (elec) {Daisaku}
rCold   . . .        a - +2 dagger {Eunkyung}
rNeg    . . .        h - +0 ring mail
rPois   .            o - +0 helmet
rElec   .            c - +0 cloak
rCorr   .            (no gloves)
SInv    .            (no boots)
Will    .....        (amulet unavailable)
Stlth   ++           (ring unavailable)
HPRegen 0.26/turn    (ring unavailable)
MPRegen 0.09/turn    (no gizmo)

%: no passive effects
@: revving
A: off-hand wielding, slow wielding, warmup strikes, no jewellery
a: Invent Gizmo


You were on level 3 of the Dungeon.
You visited 1 branch of the dungeon, and saw 4 of its levels.

You collected 100 gold pieces.

Inventory:

Hand Weapons
 a - a +2 dagger (offhand) {Eunkyung}
 f - a +0 dagger {Doyun}
 g - a +0 short sword of electrocution (weapon) {Daisaku}
Missiles
 d - 13 poisoned darts (quivered)
 e - 3 curare-tipped darts {=f}
 n - a throwing net {=f!f}
Armour
 b - a +0 robe
 c - a +0 cloak (worn)
 h - a +0 ring mail (worn)
 o - a +0 helmet (worn)
 s - the +1 robe of the Desert {Int+2}
   (You took it off a goblin on level 3 of the Dungeon)

   Int+2:     It affects your intelligence (+2).
Scrolls
 k - a scroll of brand weapon {unknown}
 l - 2 scrolls of enchant weapon {unknown}
 p - a scroll of noise {unknown}
 q - a scroll of revelation {unknown}
 t - a scroll of torment {unknown}
Potions
 i - 4 potions of curing {unknown}
 j - a potion of degeneration {unknown}
 m - a potion of heal wounds {unknown}
 r - a potion of enlightenment {unknown}


   Skills:
 - Level 2.0 Fighting
 - Level 1.7(3.1) Short Blades
 + Level 4.4(4.7) Long Blades
 - Level 1.7 Throwing
 - Level 0.8 Dodging
 - Level 3.2 Stealth


You had 4 spell levels left.
You didn't know any spells.
Your spell library contained the following spells:

 Spells                   Type           Power      Damage    Failure   Level
 Freeze                   Ice            0%         1d3       67%         1
 Frozen Ramparts          Ice            0%         1d1       95%         3
 Hailstorm                Conj/Ice       0%         3d5       95%         3


Dungeon Overview and Level Annotations

Branches:
Dungeon (4/15)
 Temple: D:4-7

Altars:


Innate Abilities, Weirdness & Mutations

You can wield a second weapon in your off-hand.
It takes a long time for you to wield or remove held weapons.
Your first few attacks do less damage.
You cannot equip rings or amulets.


Message History

There are monsters nearby!
There are monsters nearby!
The iguana completely misses you.
You barely miss the iguana with your +2 dagger.
You completely miss the iguana with your +0 short sword of electrocution.
You closely miss the iguana with your +0 short sword of electrocution.
You hit the iguana with your +2 dagger.
The ball python hisses angrily.
The iguana barely misses you.
You hit the iguana but do no damage. You hit the iguana with your +2 dagger.
The iguana bites you!
You hit the iguana but do no damage. You hit the iguana with your +2 dagger.
The ball python bites you but does no damage.
The ball python grabs you. The ball python constricts you.
The iguana bites you!
An orc comes into view. It is wielding a +0 flail.
The ball python's grasp on you weakens, but your attempt to escape fails.
The ball python bites you but does no damage.
The ball python constricts you. The iguana bites you.
* * * LOW HITPOINT WARNING * * *
Unknown command.
The ball python's grasp on you weakens, but your attempt to escape fails.
The ball python bites you but does no damage.
The ball python constricts you.
* * * LOW HITPOINT WARNING * * *
The iguana bites you.
* * * LOW HITPOINT WARNING * * *
The ball python bites you but does no damage.
The ball python constricts you.
You escape the ball python's grasp.
An orc comes into view. It is wielding a +0 hand axe.
The iguana attacks as it pursues you!
The iguana bites you but does no damage.
The orc moves out of view.
There is a stone staircase leading up here.
The iguana bites you.
* * * LOW HITPOINT WARNING * * *
The orc wizard hits you with a +0 dagger.
* * * LOW HITPOINT WARNING * * *
You climb upwards.
There is a stone staircase leading down here.
You barely miss the iguana with your +0 short sword of electrocution.
You hit the iguana with your +2 dagger. The orc wizard completely misses you.
The iguana bites you but does no damage.
You barely miss the iguana with your +0 short sword of electrocution.
You hit the iguana with your +2 dagger.
The orc wizard hits you with a +0 dagger.
* * * LOW HITPOINT WARNING * * *
The iguana bites you!
You die...

#........ #.#####..
#.#...#..
####.#.#.##.
########....#...)<รท
#.....##.=..#....).
#.....##.........)#
#.l........)..)..))
#o@................
########...########
#...# #...# #####
################
#...#..........#
#...#..........#


You could see an iguana and an orc wizard.

Vanquished Creatures
  Robin (D:3)
  3 adders (D:2)
  3 ribbon worms
  An orc (D:3)
  6 endoplasms
  A giant cockroach (D:1)
  14 goblins
  4 hobgoblins
  6 jackals
  A quokka (D:3)
  5 ball pythons
  8 bats
  3 frilled lizards
  7 kobolds
  4 rats
67 creatures vanquished.

Notes
Turn   | Place    | Note
-------+----------+-------------------------------------------
     0 | D:1      | ImSober the Coglin Brigand began the quest for the Orb.
     0 | D:1      | Reached XP level 1. HP: 16/16 MP: 1/1
   173 | D:1      | Reached skill level 1 in Long Blades
   370 | D:1      | Reached XP level 2. HP: 20/22 MP: 2/2
   684 | D:1      | Reached skill level 2 in Long Blades
  1019 | D:2      | Reached XP level 3. HP: 27/27 MP: 3/3
  1125 | D:2      | Reached skill level 3 in Long Blades
  1531 | D:2      | Reached XP level 4. HP: 33/33 MP: 4/4
  1644 | D:3      | Noticed Robin
  1898 | D:3      | Reached skill level 4 in Long Blades
  1911 | D:3      | Killed Robin
  2153 | D:3      | Identified the +1 robe of the Desert {Int+2}
  2169 | D:3      | Reached XP level 5. HP: 34/38 MP: 5/5
  2317 | D:3      | Slain by an iguana

Illustrated notes

Levels and vault maps discovered:
D:1:      orjb1_clovarrival, layout_basic
D:2:      layout_basic, amcnicky_mini_corridor_feature
D:3:      layout_basic, uniq_robin
D:4:      layout_cave_pools, ashenzari_altar_1, serial_shops, shop,
          grunt_decor_junction

Skill      XL: |  1  2  3  4 |
---------------+-------------+-----
Long Blades    | 1 2 3 4 |  4.4
Fighting       | |  2.0
Short Blades   | |  1.7
Throwing       | |  1.7
Dodging        | |  0.8
Stealth        | |  3.2

Action                     |  1- 3 |  4- 6 || total
---------------------------+-------+-------++-------
  Melee: Dagger            |    47 |    75 ||   122
         Short sword       |    50 |    73 ||   123
   Stab: Sleeping          |     7 |       ||     7
 Armour: Robe              |    19 |       ||    19
         Ring mail         |    21 |    91 ||   112
  Dodge: Dodged            |    22 |    56 ||    78

Table legend: (Time is in decaauts)
 A = Elapsed time spent in this place.
 B = Non-inter-level travel time spent in this place.
 C = Inter-level travel time spent in this place.
 D = Time resting spent in this place.
 E = Time spent auto-exploring this place.
 F = Levels seen in this place.
 G = Mean time per level.
                   A        B        C        D        E       F      G
               +--------+--------+--------+--------+--------+-----+--------+
         Total |   2311 |   2073 |    238 |     78 |   1628 |   4 |  577.8 |
       Dungeon |   2311 |   2073 |    238 |     78 |   1628 |   4 |  577.8 |
               +--------+--------+--------+--------+--------+-----+--------+

Top non-repeatable levels by time:
     D:2: 884 daAuts
     D:1: 866 daAuts
     D:3: 551 daAuts
     D:4: 9 daAuts
